 Dungeon Crawl Stone Soup version 0.17-a0-1378-g281efdd (webtiles) character file.

226 Kugnar the Grave Robber (level 5, -5/43 HPs)
             Began as a Deep Dwarf Necromancer on June 13, 2015.
             Was a Follower of Vehumet.
             Slain by a mummy (10 damage)
             ... in an ossuary on June 14, 2015.
             The game lasted 01:00:00 (5227 turns).

Kugnar the Grave Robber (Deep Dwarf Necromancer)    Turns: 5227, Time: 01:00:00

Health: -5/43      AC:  2    Str: 12    XL:     5   Next: 69%
Magic:  9/9        EV: 13    Int: 16    God:    Vehumet [*.....]
Gold:   118        SH:  0    Dex: 13    Spells: 3 memorised, 5 levels left

rFire  + . .     SeeInvis .     G - -2 whip (curse)
rCold  x . .     Clarity  .     a - +0 robe
rNeg   . . .     SustAt   .     (no shield)
rPois  .         Gourm    .     (no helmet)
rElec  .         Spirit   .     (no cloak)
rCorr  .         Warding  .     (no gloves)
rMut   .         Rnd*Tele +     (no boots)
MR     .....                    (no amulet)
Stlth  ++........               h - ring of teleportation (curse)
                                y - ring of fire

@: non-regenerating, not resistant to hostile enchantments, unstealthy
A: damage resistance, recharge devices, sense surroundings 1, slow healing 3
a: Device Recharging, Renounce Religion, Evoke Teleportation


You were in an ossuary.
You worshipped Vehumet.
Vehumet was aware of your devotion.
You were hungry.

You visited 1 branch of the dungeon, and saw 4 of its levels.
You also visited: Ossuary.

You collected 118 gold pieces.

Inventory:

Hand weapons
 e - a +0 short sword
 f - a +0 club
 g - a +0 dagger
 l - a +0 whip
 n - a cursed -2 club
 q - a +0 short sword
 w - a +0 halberd
 A - a +0 spear
 D - a +0 hand axe
 G - a cursed -2 whip (weapon)
 M - a +0 falchion
 P - a +3 flail of protection
Missiles
 i - 53 stones (quivered)
 H - 16 poisoned needles
 J - 15 bolts
 O - 20 arrows
Armour
 a - a +0 robe (worn)
 s - a +0 chain mail
 x - a +0 robe
 B - a +0 robe
 E - a +0 buckler
 K - a +0 robe
 N - a +0 leather armour
Jewellery
 h - a cursed ring of teleportation (right hand)
 y - a ring of fire (left hand)
Magical devices
 c - a wand of heal wounds (2)
Scrolls
 j - 2 scrolls of remove curse {unknown}
 p - 2 scrolls of random uselessness
 r - 3 scrolls of enchant armour {unknown}
 u - a scroll of blinking {unknown}
 z - a scroll of noise
 I - a scroll of fear
Potions
 k - 2 potions of heal wounds {unknown}
 o - 2 potions of curing {unknown}
 t - a potion of haste {unknown}
 v - a potion of invisibility {unknown}
 C - a potion of beneficial mutation
Books
 b - a book of Necromancy

   Spells                             Type                      Level
   a - Pain                           Necromancy                   1
   b - Animate Skeleton               Necromancy                   1
   c - Vampiric Draining              Necromancy                   3
   d - Regeneration                   Charms/Necromancy            3
   e - Animate Dead                   Necromancy                   4
   f - Control Undead                 Necromancy                   4
 L - a book of Debilitation

   Spells                             Type                      Level
   a - Corona                         Hexes                        1
   b - Slow                           Hexes                        2
   c - Gell's Gravitas                Hexes/Translocation          3
   d - Inner Flame                    Hexes/Fire                   3
   e - Cause Fear                     Hexes                        4
   f - Leda's Liquefaction            Hexes/Earth                  4
Comestibles
 d - 4 bread rations
 m - 2 chunks of flesh
 F - a beef jerky


   Skills:
 + Level 0.5 Fighting
 + Level 3.2 Dodging
 + Level 2.8 Stealth
 + Level 3.2 Spellcasting
 + Level 6.0 Necromancy
 + Level 0.3 Evocations


You had 5 spell levels left.
You knew the following spells:

 Your Spells              Type           Power        Failure   Level  Hunger
a - Pain                  Necr           ###.         1%          1    None
b - Animate Skeleton      Necr           N/A          1%          1    None
c - Vampiric Draining     Necr           ###.......   6%          3    ###....


Dungeon Overview and Level Annotations

Branches:
Dungeon (4/15)
 Temple: D:4-7

Altars:
Vehumet


Innate Abilities, Weirdness & Mutations

You are resistant to damage.
You can recharge devices by infusing magical energy.
You passively map a small area around you.
You do not heal naturally.


Message History

4 mummies and a zombie come into view.
The big kobold zombie closely misses you.
You open the door.
You found an alarm trap!
You found an alarm trap!
The big kobold zombie hits you.
Found a grey potion, a sedimented emerald potion and 35 gold pieces.
Found a metallic ruby potion and 22 gold pieces.
There is an open door here.
Really walk onto that alarm trap? [Y]es or [N]o only, please.
Really walk onto that alarm trap?
Okay, then.
The big kobold zombie hits you. The mummy closely misses you.
A mummy comes into view.
The mummy hits you but does no damage. The mummy hits you!
The mummy misses you. The mummy hits you!!
* * * LOW HITPOINT WARNING * * *
The mummy hits you!
You die...

* ###########
Z..M......##
.####..M...##
..##MMM...#
...##@MZ..# ,,
.......M....#
Z.............##
*
,............##
* ........##'# ,
* ......##^^#* *
#....##....* ,,,
#....#.....! ,
#....#....!!$


You could see 7 mummies and a big kobold zombie.

Vanquished Creatures
  A worker ant (D:4)
  6 gnolls
  5 adders
  2 oozes
  2 worms (D:3)
  2 giant geckos
  2 orcs (D:3)
  A ball python (D:3)
  8 bats
  3 giant cockroaches
  8 goblins
  13 hobgoblins
  9 kobolds
  A quokka (D:2)
  4 giant newts
  A hobgoblin zombie (Ossuary)
  A kobold zombie (Ossuary)
  7 rats
76 creatures vanquished.

Vanquished Creatures (collateral kills)
  2 adders
  A hobgoblin (D:1)
  A kobold (D:1)
  A bat (D:2)
  A rat (D:2)
6 creatures vanquished.

Vanquished Creatures (others)
  A worker ant (D:4)
1 creature vanquished.

Grand Total: 83 creatures vanquished

Notes
Turn   | Place    | Note
--------------------------------------------------------------
     0 | D:1      | Kugnar the Deep Dwarf Necromancer began the quest for the Orb.
     0 | D:1      | Reached XP level 1. HP: 15/15 MP: 3/3
   249 | D:1      | Reached XP level 2. HP: 19/22 MP: 4/4
   354 | D:1      | Learned a level 1 spell: Animate Skeleton
   485 | D:1      | Reached skill level 5 in Necromancy
  1378 | D:1      | Reached XP level 3. HP: 14/28 MP: 0/5
  1935 | D:2      | Reached XP level 4. HP: 25/36 MP: 3/7
  2527 | D:2      | Found a radiant altar of Vehumet.
  2536 | D:2      | Became a worshipper of Vehumet
  2562 | D:2      | Learned a level 3 spell: Vampiric Draining
  3261 | D:2      | Upgraded the game from 0.17-a0-1373-g64d4c99 to 0.17-a0-1378-g281efdd
  3570 | D:3      | Reached XP level 5. HP: 25/43 MP: 1/9
  3984 | D:3      | Acquired Vehumet's first power
  3984 | D:3      | Offered knowledge of Sting by Vehumet.
  4108 | D:3      | Found a faded altar to an unknown god.
  5094 | D:4      | Reached skill level 6 in Necromancy
  5181 | D:4      | Found a sand-covered staircase.
  5186 | Ossuary  | Entered an ossuary
  5227 | Ossuary  | Slain by a mummy

Vault maps used:
D:1:      evilmike_arrival_plus, st_stairs_1, interstate_on_off
D:2:      led_sif_pool, lemuel_crystal_altar
D:3:      ecumenical_altar_2, grunt_ministairs_9, st_stairs_11
D:4:      nicolae_ru_the_path_less_chosen, lemuel_temple_firewalk_marked,
          enter_ossuary_2, uniq_menkaure
Ossuary:  ossuary_tomb_3

Action                   |  1- 3 |  4- 6 || total
-------------------------+-------+-------++-------
Melee: Short sword       |    46 |     3 ||    49
       Whip              |       |    56 ||    56
 Cast: Pain              |    44 |    69 ||   113
       Animate Skeleton  |     7 |    14 ||    21
       Vampiric Draining |       |    19 ||    19
Evoke: Wand              |     1 |     2 ||     3
  Use: Scroll            |       |     4 ||     4
 Stab: Distracted        |       |     1 ||     1
  Eat: Pizza             |     1 |     1 ||     2
       Fruit             |     1 |     1 ||     2
       Meat ration       |     1 |       ||     1
       Chunk             |       |     5 ||     5
       Beef jerky        |       |     1 ||     1
